 Dungeon Sprint DCSS version 0.22.0-16-gc6d26f6 (webtiles) character file.

14000000 poirepourri the Middleweight Champion (level 27, -66/272 (273) HPs)
             Began as a Ghoul Gladiator on Aug 17, 2018.
             Was the Champion of Makhleb.
             Annihilated by a fleshlord
             ... wielding a +9 great mace
              (338 damage)
             ... in the Dungeon (Sprint VIII: "Arena of Blood").
             The game lasted 00:03:42 (140 turns).

poirepourri the Middleweight Champion (GhGl)         Turns: 140, Time: 00:03:43

HP:   -66/272 (273) AC:  8    Str: 22    XL:     27
MP:   52/53         EV: 34    Int:  3    God:    Makhleb [******]
Gold: 0             SH:  0    Dex: 19    Spells: 80/80 levels left

rFire    . . .     SeeInvis .   k - +∞ Axe of Woe
rCold    + . .     Gourm    .   (shield currently unavailable)
rNeg     + + +     Faith    .   a - +0 leather armour
rPois    ∞         Spirit   .   b - +0 helmet
rElec    .         Reflect  .   (no cloak)
rCorr    .         Harm     .   (no gloves)
MR       ++...     NoTele   +   (no boots)
Stlth    +++++++++.             (no amulet)
HPRegen  0.00/turn              (no ring)
MPRegen  0.33/turn              (no ring)

@: rotting, slowed, very slow
A: rotting body, claws 1, carnivore, cold resistance 1, negative energy
resistance 3, inhibited regeneration, torment resistance, unbreathing
a: Minor Destruction, Lesser Servant of Makhleb, Major Destruction, Greater
Servant of Makhleb, Renounce Religion


You were in the Dungeon.
You worshipped Makhleb.
Makhleb was exalted by your worship.
You were not hungry.

You visited 1 branch

Inventory:

Hand Weapons
 k - the +∞ Axe of Woe (weapon)
   (You found it in the Dungeon)
Missiles
 c - 3 throwing nets (quivered)
Armour
 a - a +0 leather armour (worn)
 b - a +0 helmet (worn)
Scrolls
 j - a scroll of blinking
Potions
 e - a potion of curing
 g - a potion of haste
 h - 2 potions of magic
 i - a potion of berserk rage
Comestibles
 d - a ration


   Skills:
 O Level 27 Fighting
 O Level 27 Axes
 O Level 27 Throwing
 O Level 27 Armour
 O Level 27 Dodging
 O Level 27 Stealth
 O Level 27 Unarmed Combat
 O Level 27 Spellcasting
 O Level 27 Invocations


You had 80 spell levels left.
You didn't know any spells.
Your spell library was empty.

Dungeon Overview and Level Annotations

Branches:
Dungeon (1/1)

Altars:
Makhleb


Innate Abilities, Weirdness & Mutations

Your body is rotting away.
You thrive on raw meat.
You are immune to poison.
You have sharp fingernails.
You are carnivorous and can eat meat at any time.
Your flesh is cold resistant. (rC+)
You are immune to negative energy. (rN+++)
You do not regenerate when monsters are visible.
You are immune to unholy pain and torment.
You can survive without breathing.


Message History

Makhleb accepts your kill.
You feel better.
You hit the large abomination but do no damage.
You chop the large abomination into pieces.
You destroy the large abomination!
Makhleb accepts your kill.
You cut something into ribbons!!!
You slaughter something joyfully.
Makhleb accepts your kill.
You feel a bit more experienced.
You slash the large abomination!
You cleave the large abomination in twain.
You destroy the large abomination!
Makhleb accepts your kill.
You hear a shout! x4
A meat beast comes into view.
You hear a shout!
A destroyer comes into view.
It is wielding a +9 great sword of slicing.
You hear a shout! x2
The fleshlord hits you with a +9 great mace!!!!!!
Ouch! That really hurt!
You die...

.........oo
.D........
#.p.....# ..
#.S.§...# .
.o.###.oX....###..
...%.%)X###.%%....
#p....LX)_).S.....
.o..oX#pO)).#..%.
...oo.#@)<._# .
...§. #O)%..#
#.......%_.%%.2.
........###......
...###%.. .%###. .
#.%V %.# #... ..#
..... ..


You could see a tentacled monstrosity, a meat beast (wandering), a tyrant, an
eight-headed meat hydra, a destroyer, 2 scourges, 2 fleshlords, 2 large
abominations, 2 meat berserkers and a bag of meat.

Vanquished Creatures
  6 hell knights (D)
  Sigmund (D)
  11 hell beasts (D)
  4 greater mummies (D)
  7 great orbs of eyes (D)
  4 wraiths (D)
  19 vampire knights (D)
  32 ogres (D)
  9 two-headed ogres (D)
  4 liches (D)
  A hydra (D)
  54 orcs (D)
  5 phantoms (D)
  4 skeletal warriors (D)
  3 sea snakes (D)
  9 large abominations (D)
  6 small abominations (D)
  7 crawling corpses (D)
186 creatures vanquished.

Vanquished Creatures (others)
  A crawling corpse (D)
1 creature vanquished.

Grand Total: 187 creatures vanquished

Notes
Turn   | Place    | Note
-------+----------+-------------------------------------------
     0 | D        | Found the +∞ Axe of Woe
     0 | D        | poirepourri the Ghoul Gladiator began the quest for the Orb.
     0 | D        | Reached XP level 1. HP: 17/17 MP: 0/0
     2 | D        | Noticed a meat berserker
     4 | D        | Became a worshipper of Makhleb the Destroyer
     4 | D        | Noticed a meat berserker
     4 | D        | Noticed a bag of meat
     5 | D        | Killed a meat berserker
     5 | D        | Reached XP level 2. HP: 44/44 MP: 1/1
     5 | D        | Reached XP level 3. HP: 50/50 MP: 2/2
     5 | D        | Reached XP level 4. HP: 58/58 MP: 3/3
     5 | D        | Reached XP level 5. HP: 64/64 MP: 4/4
     5 | D        | Reached XP level 6. HP: 72/72 MP: 5/5
     5 | D        | Reached XP level 7. HP: 79/79 MP: 6/6
     5 | D        | Reached XP level 8. HP: 86/86 MP: 7/7
     5 | D        | Reached XP level 9. HP: 93/93 MP: 8/8
     5 | D        | Reached XP level 10. HP: 101/101 MP: 9/9
     5 | D        | Reached XP level 11. HP: 107/107 MP: 10/10
     5 | D        | Reached XP level 12. HP: 115/115 MP: 11/11
     5 | D        | Reached XP level 13. HP: 122/122 MP: 12/12
     6 | D        | Noticed a bag of meat
     6 | D        | Noticed a bag of meat
     6 | D        | Noticed a bag of meat
     6 | D        | Noticed a bag of meat
     7 | D        | Killed a meat berserker
     7 | D        | Reached * piety under Makhleb
     7 | D        | Reached skill level 15 in Fighting
     7 | D        | Reached XP level 14. HP: 111/135 MP: 13/13
     7 | D        | Noticed a bag of meat
     9 | D        | Killed a bag of meat
     9 | D        | Reached XP level 15. HP: 118/144 MP: 14/14
    10 | D        | Reached ** piety under Makhleb
    10 | D        | Reached skill level 10 in Axes
    10 | D        | Reached skill level 27 in Unarmed Combat
    10 | D        | Reached XP level 16. HP: 128/156 MP: 15/15
    10 | D        | Reached skill level 15 in Throwing
    10 | D        | Noticed a meat berserker
    11 | D        | Noticed a meat berserker
    12 | D        | Noticed a meat berserker
    13 | D        | Reached *** piety under Makhleb
    13 | D        | Reached skill level 15 in Axes
    13 | D        | Reached XP level 17. HP: 171/171 MP: 16/16
    14 | D        | Killed a meat berserker
    14 | D        | Reached skill level 27 in Dodging
    15 | D        | Killed a meat berserker
    15 | D        | Reached XP level 18. HP: 194/194 MP: 17/17
    16 | D        | Reached **** piety under Makhleb
    16 | D        | Noticed a meat berserker
    17 | D        | Killed a meat berserker
    17 | D        | Reached skill level 27 in Fighting
    17 | D        | Reached skill level 1 in Armour
    17 | D        | Reached XP level 19. HP: 207/207 MP: 18/18
    17 | D        | Reached skill level 27 in Axes
    18 | D        | Noticed a destroyer
    19 | D        | Reached ***** piety under Makhleb
    19 | D        | Reached skill level 10 in Armour
    19 | D        | Reached skill level 27 in Throwing
    20 | D        | Noticed a destroyer
    20 | D        | Noticed a meat berserker
    21 | D        | Reached XP level 20. HP: 216/216 MP: 19/19
    21 | D        | Noticed a meat berserker
    22 | D        | Killed a meat berserker
    22 | D        | Killed a destroyer
    22 | D        | Reached skill level 27 in Armour
    22 | D        | Reached XP level 21. HP: 224/224 MP: 20/20
    23 | D        | Noticed a meat berserker
    23 | D        | Noticed a large bag of meat
    24 | D        | Reached skill level 10 in Spellcasting
    24 | D        | Noticed a meat berserker
    26 | D        | Killed a large bag of meat
    26 | D        | Killed a meat berserker
    26 | D        | Reached XP level 22. HP: 233/233 MP: 20/41
    28 | D        | Reached ****** piety under Makhleb
    28 | D        | Reached skill level 27 in Stealth
    29 | D        | Noticed a destroyer
    31 | D        | Reached skill level 27 in Invocations
    31 | D        | Reached XP level 23. HP: 240/240 MP: 21/49
    34 | D        | Reached skill level 27 in Spellcasting
    35 | D        | Killed a destroyer
    36 | D        | Reached XP level 24. HP: 249/249 MP: 22/53
    37 | D        | Noticed a destroyer
    38 | D        | Noticed a large bag of meat
    38 | D        | Noticed a large bag of meat
    39 | D        | Noticed a large bag of meat
    39 | D        | Noticed a destroyer
    41 | D        | Killed a destroyer
    41 | D        | Reached XP level 25. HP: 257/257 MP: 24/53
    41 | D        | Noticed a destroyer
    41 | D        | Noticed a destroyer
    45 | D        | Killed a destroyer
    45 | D        | Reached XP level 26. HP: 266/266 MP: 25/53
    46 | D        | Noticed a large bag of meat
    46 | D        | Noticed an accursed
    46 | D        | Noticed a large bag of meat
    47 | D        | Killed a destroyer
    47 | D        | Killed a large bag of meat
    48 | D        | Killed a large bag of meat
    48 | D        | Killed a large bag of meat
    48 | D        | Reached XP level 27. HP: 273/273 MP: 26/53
    50 | D        | Killed a destroyer
    50 | D        | Killed a destroyer
    53 | D        | Noticed a tyrant
    53 | D        | Noticed a destroyer
    54 | D        | Noticed a destroyer
    55 | D        | Killed a destroyer
    55 | D        | Killed a large bag of meat
    55 | D        | Killed a tyrant
    56 | D        | Killed an accursed
    58 | D        | Noticed a destroyer
    59 | D        | Noticed a destroyer
    59 | D        | Noticed an accursed
    61 | D        | Killed a large bag of meat
    62 | D        | Killed a destroyer
    64 | D        | Killed a destroyer
    65 | D        | Noticed a destroyer
    69 | D        | Killed a destroyer
    69 | D        | Killed an accursed
    71 | D        | Noticed a meat beast
    71 | D        | Noticed an accursed
    75 | D        | Noticed a meat beast
    76 | D        | Killed a meat beast
    77 | D        | Killed a destroyer
    79 | D        | Killed a meat beast
    87 | D        | Noticed a meat beast
    90 | D        | Killed an accursed
    91 | D        | Noticed an accursed
    92 | D        | Noticed a tyrant
    93 | D        | Noticed a destroyer
    93 | D        | Noticed a large bag of meat
    94 | D        | Noticed a dread
    94 | D        | Noticed a tyrant
    95 | D        | Noticed a dread
    97 | D        | Noticed a destroyer
    99 | D        | Killed a large bag of meat
    99 | D        | Noticed a meat beast
    99 | D        | Noticed a meat beast
   101 | D        | Killed a tyrant
   101 | D        | Noticed a large bag of meat
   102 | D        | Noticed a destroyer
   102 | D        | Killed a dread
   102 | D        | Killed a tyrant
   102 | D        | Killed a meat beast
   103 | D        | Killed a destroyer
   103 | D        | Killed a destroyer
   105 | D        | Killed a meat beast
   105 | D        | Killed a meat beast
   107 | D        | Killed a destroyer
   107 | D        | Noticed a meat beast
   108 | D        | Noticed a large bag of meat
   109 | D        | Noticed a destroyer
   112 | D        | Killed a meat beast
   112 | D        | Killed a large bag of meat
   112 | D        | Noticed a tyrant
   112 | D        | Noticed The Captor
   113 | D        | Killed a dread
   116 | D        | Killed a destroyer
   116 | D        | Noticed a tyrant
   117 | D        | Killed a large bag of meat
   117 | D        | Noticed a fleshlord
   117 | D        | Noticed a fleshlord
   118 | D        | Noticed a meat beast
   118 | D        | Noticed a destroyer
   119 | D        | Noticed a meat beast
   119 | D        | Noticed a dread
   119 | D        | Noticed a fleshlord
   120 | D        | Noticed a fleshlord
   121 | D        | Noticed a fleshlord
   121 | D        | Noticed a fleshlord
   122 | D        | Killed a fleshlord
   122 | D        | Noticed a meat beast
   124 | D        | Killed a fleshlord
   124 | D        | Killed a destroyer
   125 | D        | Killed The Captor
   125 | D        | Killed a meat beast
   126 | D        | Killed a fleshlord
   126 | D        | Killed a fleshlord
   126 | D        | Killed a tyrant
   127 | D        | Killed a meat beast
   127 | D        | Killed a meat beast
   127 | D        | Noticed a fleshlord
   127 | D        | Noticed a destroyer
   128 | D        | Killed a fleshlord
   129 | D        | Killed a destroyer
   129 | D        | Killed a dread
   129 | D        | Noticed a dread
   131 | D        | Noticed a meat beast
   131 | D        | Noticed a destroyer
   133 | D        | Killed a dread
   134 | D        | Killed a destroyer
   134 | D        | Noticed a meat beast
   135 | D        | Killed a fleshlord
   135 | D        | Killed an accursed
   135 | D        | Killed a meat beast
   137 | D        | Killed a meat beast
   138 | D        | Noticed a fleshlord
   140 | D        | Noticed a meat beast
   140 | D        | Noticed a destroyer
   140 | D        | Annihilated by a fleshlord

Skill      XL: |  1  2  3  4  5  6  7  8  9 10 11 12 13 14 15 16 17 18 19 20 21 22 23 |
---------------+----------------------------------------------------------------------+-----
Fighting       | 13 15 16 17 20 25 27 | 27.0
Axes           | 4 6 7 10 15 22 26 27 | 27.0
Throwing       | 11 12 13 14 16 18 20 27 | 27.0
Dodging        | 18 21 22 24 26 27 | 27.0
Unarmed Combat | 21 24 25 27 | 27.0
Armour         | 1 17 27 | 27.0
Stealth        | 22 27 | 27.0
Spellcasting   | 16 23 27 | 27.0
Invocations    | 20 27 | 27.0

Action                   |  1- 3 |  4- 6 |  7- 9 | 10-12 | 13-15 | 16-18 | 19-21 | 22-24 | 25-27 || total
-------------------------+-------+-------+-------+-------+-------+-------+-------+-------+-------++-------
Melee: Executioner's axe |     1 |       |       |       |     3 |     6 |     5 |     9 |    72 ||    96
  Use: Potion            |       |       |       |       |       |       |       |       |     1 ||     1
Armor: Leather armour    |       |       |       |       |       |       |       |       |     2 ||     2
Dodge: Dodged            |       |       |       |       |     1 |     2 |     1 |       |    17 ||    21
